 Dungeon Crawl Stone Soup version 0.24.0-10-g970556be89 (webtiles) character file.

Game seed: 12191098539662346041, levelgen mode: deterministic

156 Fukker the Magician (level 5, -3/35 HPs)
             Began as a Demonspawn Wizard on Nov 4, 2019.
             Killed from afar by an orc wizard (8 damage)
             ... with a puff of frost
             ... on level 3 of the Dungeon.
             The game lasted 00:09:12 (3681 turns).

Fukker the Magician (Demonspawn Wizard)             Turns: 3681, Time: 00:09:13

Health: -3/35      AC: 11    Str:  7    XL:     5   Next: 14%
Magic:  0/11       EV: 17    Int: 20    God:
Gold:   118        SH:  0    Dex: 17    Spells: 0/12 levels left

rFire    . . .     SeeInvis .   s - +1 mace (protect)
rCold    . . .     Gourm    .   (no shield)
rNeg     . . .     Faith    .   a - +0 robe
rPois    .         Spirit   .   b - +0 hat
rElec    .         Reflect  .   (no cloak)
rCorr    .         Harm     .   (no gloves)
MR       .....                  (no boots)
Stlth    ++++......             (no amulet)
HPRegen  0.11/turn              (no ring)
MPRegen  0.12/turn              (no ring)

@: agile, protection aura, very slightly contaminated
A: molten scales 1, demonic guardian 2, nightstalker 1
a: no special abilities


You were on level 3 of the Dungeon.
You were not hungry.

You visited 1 branch of the dungeon, and saw 3 of its levels.

You collected 118 gold pieces.

Inventory:

Hand Weapons
 c - a +0 mace
 s - a +1 mace of protection (weapon)
Missiles
 e - 104 stones (quivered)
 q - 5 poisoned darts
Armour
 a - a +0 robe (worn)
 b - a +0 hat (worn)
Scrolls
 h - a scroll of enchant weapon {unknown}
 i - 2 scrolls of teleportation {unknown}
 j - 2 scrolls of enchant armour {unknown}
 m - 3 scrolls of identify {unknown}
 t - a scroll of remove curse {unknown}
Potions
 f - a potion of might {unknown}
 g - a potion of curing {unknown}
 k - a potion of cancellation {unknown}
 l - a potion of agility
 n - a potion of mutation {unknown}
 o - a potion of lignification {unknown}
 p - a potion of haste {unknown}
Comestibles
 d - 5 rations
 r - 9 chunks of flesh


   Skills:
 - Level 0.8 Maces & Flails
 - Level 1.7 Dodging
 - Level 1.7 Stealth
 - Level 4.0 Spellcasting
 + Level 3.0 Conjurations
 + Level 2.5 Summonings
 + Level 0.8 Translocations


You couldn't memorise any spells.
You knew the following spells:

 Your Spells              Type           Power        Failure   Level  Hunger
a - Magic Dart            Conj           ###.         3%          1    None
b - Call Imp              Summ           ##......     7%          2    #......
c - Blink                 Tloc           N/A          14%         2    #......
d - Conjure Flame         Conj/Fire      ##......     21%         3    ###....
e - Mephitic Cloud        Conj/Pois/Air  #.......     26%         3    ###....
f - Animate Skeleton      Necr           N/A          13%         1    None

Your spell library contained the following spells:

 Spells                   Type           Power        Failure   Level  Hunger
 Summon Small Mammal      Summ           ##..         4%          1    None
 Apportation              Tloc           #.....       9%          1    None
 Confusing Touch          Hex            #.....       13%         1    None
 Slow                     Hex            #.......     19%         2    #......


Dungeon Overview and Level Annotations

Branches:
Dungeon (3/15)

Altars:
Wu Jian


Innate Abilities, Weirdness & Mutations

You are partially covered in molten scales. (AC +2)
A demonic guardian rushes to your aid.
You are slightly more attuned to the shadows.


Message History

Your crimson imp hits something but does no damage.
It was a potion of agility.
You feel agile all of a sudden. Something hits your crimson imp!
Your crimson imp dies!
The orc closely misses you.
You hit the orc.
You kill the orc!
Your Conjurations skill increases to level 3!
Something hits you but does no damage.
Casting: Magic Dart (safe; 3% risk of failure)
Confirm with . or Enter, or press ? or * to list all spells.
Aiming: Magic Dart (safe; 3% risk of failure)
Press: ? - help, Shift-Dir - straight line, f/p - orc
Aim: an orc, wielding a +0 whip The magic dart hits something.
You hear some strange, mumbled words.
A puff of frost appears from out of thin air!
The puff of frost hits you!
You die...

... #.# #.# #.# #.# #.#
#.# #.# #######
###.###.### ####.....#
#..........
.........#####.#........
###.####..............###
##.....##@######.#######
# #.......#{# #.# #
#.....).#o# #.# ##
...._)..†o# #.# #.
#......5#.# #.. #.
#.......#.# ## #.
##.....##.. ##
###.####..# ... ...#


You could see 2 orcs.

Vanquished Creatures
  4 adders
  An ooze (D:2)
  2 dart slugs (D:2)
  4 leopard geckos
  13 orcs (D:3)
  5 bats
  A giant cockroach (D:3)
  7 goblins
  6 hobgoblins
  2 jackals (D:1)
  A quokka (D:3)
  A frilled lizard (D:1)
  4 kobolds
  7 rats
58 creatures vanquished.

Vanquished Creatures (collateral kills)
  An orc wizard (D:3)
  A gnoll (D:1)
  2 adders
  5 orcs (D:3)
  A bat (D:1)
  A hobgoblin (D:3)
  A quokka (D:3)
12 creatures vanquished.

Grand Total: 70 creatures vanquished

Notes
Turn   | Place    | Note
-------+----------+-------------------------------------------
     0 | D:1      | Fukker the Demonspawn Wizard began the quest for the Orb.
     0 | D:1      | Reached XP level 1. HP: 13/13 MP: 4/4
   282 | D:1      | Gained mutation: A weak demonic guardian rushes to your
                  | aid. [demonic ancestry]
   282 | D:1      | Reached XP level 2. HP: 19/19 MP: 1/6
   424 | D:1      | Learned a level 2 spell: Call Imp
   427 | D:1      | Learned a level 2 spell: Blink
   867 | D:1      | Gained mutation: A demonic guardian rushes to your aid.
                  | [demonic ancestry]
   867 | D:1      | Reached XP level 3. HP: 24/24 MP: 6/8
  1773 | D:2      | Reached skill level 4 in Spellcasting
  1781 | D:2      | Learned a level 3 spell: Conjure Flame
  2462 | D:3      | Gained mutation: You are slightly more attuned to the
                  | shadows. [demonic ancestry]
  2462 | D:3      | Reached XP level 4. HP: 29/30 MP: 0/10
  2473 | D:3      | Learned a level 3 spell: Mephitic Cloud
  3552 | D:3      | Gained mutation: You are partially covered in molten
                  | scales. (AC +2) [demonic ancestry]
  3552 | D:3      | Reached XP level 5. HP: 27/35 MP: 4/11
  3574 | D:3      | Learned a level 1 spell: Animate Skeleton
  3648 | D:3      | Found an ornate altar of the Wu Jian Council.
  3681 | D:3      | Killed from afar by an orc wizard

Levels and vault maps discovered:
D:1:      matt_arrival_spirals, layout_basic
D:2:      minmay_chambers_of_ones, layout_loops_cross
D:3:      layout_loops_ring, old_standard_altar, first_ration,
          grunt_ministairs_3, nrook_mini_vaults

Skill      XL: |  1  2  3  4  5 |
---------------+----------------+-----
Spellcasting   | 4 |  4.0
Conjurations   | 2 3 |  3.0
Summonings     | 2 |  2.5
Maces & Flails | |  0.8
Dodging        | |  1.7
Stealth        | |  1.7
Translocations | |  0.8

Action                   |  1- 3 |  4- 6 || total
-------------------------+-------+-------++-------
Melee: Mace              |    49 |    49 ||    98
 Cast: Magic Dart        |    57 |    51 ||   108
       Call Imp          |     8 |    10 ||    18
       Conjure Flame     |       |     1 ||     1
       Animate Skeleton  |       |     1 ||     1
  Use: Potion            |       |     1 ||     1
 Stab: Sleeping          |     2 |     3 ||     5
  Eat: Chunk             |     3 |       ||     3
       Ration            |     1 |     1 ||     2
Armor: Robe              |    13 |    14 ||    27
Dodge: Dodged            |    47 |    41 ||    88
